 Dungeon Crawl Stone Soup version 0.30-a0-165-g1891117ce2 (webtiles) character file.

Game seed: 7480344737195922200

141 Weirdisaac the Grave Robber (level 5, 0/35 HPs)
             Began as a Mummy Necromancer on Sept 28, 2022.
             Slain by an orc priest
             ... wielding a +0 hand axe
              (3 damage)
             ... on level 3 of the Dungeon.
             The game lasted 00:11:49 (2074 turns).

Weirdisaac the Grave Robber (Mummy Necromancer)     Turns: 2074, Time: 00:11:49

Health: 0/35       AC:  5    Str: 12    XL:     5   Next: 3%
Magic:  1/11       EV: 12    Int: 16    God:
Gold:   148        SH:  0    Dex: 12    Spells: 7/12 levels left

rFire   x . .      SeeInvis +    c - +1 dagger
rCold   + . .      Faith    +    (no shield)
rNeg    + + +      Spirit   .    a - +1 robe
rPois   ∞          Reflect  .    g - +0 helmet
rElec   .          Harm     .    (no cloak)
rCorr   .          Rampage  .    (no gloves)
Will    .....                    b - +0 pair of boots
Stlth   ++........               (no amulet)
HPRegen 0.11/turn                d - ring of see invisible
MPRegen 0.12/turn                (no ring)

@: no status effects
A: cold resistance 1, negative energy resistance 3, torment resistance 2, heat
vulnerability 1, in touch with death 1, no potions, faith
a: no special abilities


You were on level 3 of the Dungeon.
You visited 1 branch of the dungeon, and saw 3 of its levels.

You collected 148 gold pieces.

Inventory:

Hand Weapons
 c - a +1 dagger (weapon)
Armour
 a - a +1 robe (worn)
 b - a +0 pair of boots (worn)
 g - a +0 helmet (worn)
Jewellery
 d - a ring of see invisible (left hand)
Scrolls
 e - 2 scrolls of identify


   Skills:
 * Level 0.4 Armour
 * Level 1.9 Dodging
 * Level 2.2 Stealth
 * Level 4.2 Spellcasting
 * Level 5.1 Necromancy


You had 7 spell levels left.
You knew the following spells:

 Your Spells              Type           Power      Damage    Failure   Level
a - Necrotise             Necr           100%       1d9       1%          1
b - Animate Dead          Necr           29%        N/A       21%         4

Your spell library contained the following spells:

 Spells                   Type           Power      Damage    Failure   Level
 Vampiric Draining        Necr           29%        2d8       6%          3
 Agony                    Necr           29%        N/A       50%         5


Dungeon Overview and Level Annotations

Branches:
Dungeon (3/15)

Altars:


Innate Abilities, Weirdness & Mutations

You are immune to poison.
Your flesh is cold resistant. (rC+)
You are immune to negative energy. (rN+++)
You are immune to unholy pain and torment.
You are vulnerable to heat. (rF-)
You are in touch with the powers of death.
You do not drink.
You have a special connection with the divine. (Faith)


Message History

The adder bites you.
The orc priest looks satisfied for a moment.
The adder bites you but does no damage.
Aiming: Necrotise (safe; 1% risk of failure)
Press: ? - help, Q - select action Shift-Dir - straight line, f/p - adder
Aim: an adder (heavily wounded, chance to affect: 88%)
You feel a surge of power!
The adder writhes in agony!
You kill the adder!
The dead are slithering!
You have reached level 5!
You feel stronger.
You hit the orc priest.
The orc priest is moderately wounded.
The orc priest hits you with a +0 hand axe.
You hit the orc priest.
The orc priest is heavily wounded.
The orc priest hits you with a +0 hand axe.
The orc priest hits your adder skeleton with a +0 hand axe.
Your adder skeleton bites the orc priest.
You hit the orc priest.
The orc priest is severely wounded.
The orc priest hits you but does no damage.
The orc priest hits your adder skeleton with a +0 hand axe.
Your adder skeleton barely misses the orc priest.
You completely miss the orc priest.
The orc priest is severely wounded.
The orc priest hits you with a +0 hand axe.
* * * LOW HITPOINT WARNING * * *
The orc priest hits your adder skeleton with a +0 hand axe.
Your adder skeleton bites the orc priest.
You barely miss the orc priest.
The orc priest is almost dead.
The orc priest hits you with a +0 hand axe.
* * * LOW HITPOINT WARNING * * *
The orc priest hits your adder skeleton with a +0 hand axe.
Your adder skeleton is destroyed!
You hit the orc priest.
The orc priest is almost dead.
The orc priest hits you with a +0 hand axe.
You die...

## .. # ##. .##
.# ..#.. ..#
#[..##...#
.).....
...####.[.#
......).#.#
..#####o#.###[#
#..@......[
#.#.#.###.#
#^#.#.# # #.# #
###


You could see an orc priest.

Vanquished Creatures
  An orc priest (D:3)
  5 adders
  A worm (D:2)
  2 dart slugs
  3 orcs (D:3)
  4 bats
  3 endoplasms
  3 giant cockroaches (D:1)
  3 goblins
  3 hobgoblins
  3 jackals (D:2)
  5 kobolds
  4 quokkas
  2 ball pythons (D:1)
  2 frilled lizards (D:2)
  6 rats
50 creatures vanquished.

Vanquished Creatures (collateral kills)
  An endoplasm (D:2)
  A jackal (D:2)
  2 kobolds (D:2)
  A ball python (D:2)
  A bat (D:1)
  A frilled lizard (D:2)
  A rat (D:1)
8 creatures vanquished.

Grand Total: 58 creatures vanquished

Notes
Turn   | Place    | Note
-------+----------+-------------------------------------------
     0 | D:1      | Weirdisaac the Mummy Necromancer began the quest for the
                  | Orb.
     0 | D:1      | Reached XP level 1. HP: 13/13 MP: 4/4
   127 | D:1      | Reached XP level 2. HP: 16/19 MP: 0/5
   886 | D:2      | Gained mutation: You are in touch with the powers of death.
                  | [Mummy growth]
   886 | D:2      | Reached XP level 3. HP: 24/24 MP: 4/7
  1260 | D:2      | Identified the +7 hand axe "Efiasaac" {holy, rPois rCorr
                  | Str-4 Int+5}
  1407 | D:2      | Reached XP level 4. HP: 30/30 MP: 6/10
  1412 | D:2      | Learned a level 4 spell: Animate Dead
  1874 | D:3      | Reached skill level 5 in Necromancy
  2069 | D:3      | Reached XP level 5. HP: 13/35 MP: 0/11
  2074 | D:3      | Slain by an orc priest

Illustrated notes

Levels and vault maps discovered:
D:1:      zelgadis_glass_arrival_small, layout_basic
D:2:      layout_loops_ring, hex_tiny, minmay_misc_feat_four_crosses
D:3:      layout_loops_ring, hellmonk_ecumenical_altar_leap_of_faith,
          goddamned_bats, uniq_sigmund, uniq_crazy_yiuf_cottage, uniq_ijyb

Skill      XL: |  1  2  3  4 |
---------------+-------------+-----
Spellcasting   | 3 4 |  4.2
Stealth        | 2 |  2.2
Necromancy     | 5 |  5.1
Armour         | |  0.4
Dodging        | |  1.9

Action                   |  1- 3 |  4- 6 || total
-------------------------+-------+-------++-------
Melee: Unarmed           |    26 |       ||    26
       Dagger            |     4 |    18 ||    22
 Cast: Necrotise         |    68 |    27 ||    95
       Animate Dead      |       |     4 ||     4
  Use: Scroll            |     2 |     2 ||     4
Armor: Robe              |    13 |     7 ||    20
Dodge: Dodged            |    30 |    23 ||    53

Table legend: (Time is in decaauts)
 A = Elapsed time spent in this place.
 B = Non-inter-level travel time spent in this place.
 C = Inter-level travel time spent in this place.
 D = Time resting spent in this place.
 E = Time spent auto-exploring this place.
 F = Levels seen in this place.
 G = Mean time per level.
                   A        B        C        D        E       F      G
               +--------+--------+--------+--------+--------+-----+--------+
         Total |   2073 |   2036 |     37 |    534 |    717 |   3 |  691.0 |
       Dungeon |   2073 |   2036 |     37 |    534 |    717 |   3 |  691.0 |
               +--------+--------+--------+--------+--------+-----+--------+

Top non-repeatable levels by time:
     D:2: 1208 daAuts
     D:1: 828 daAuts
     D:3: 37 daAuts
